 Dungeon Crawl Stone Soup version 0.31.0-32-g396128a36d (webtiles) character file.

Game seed: 5141082857921407334

5469 Doomgape the Grappler (level 10, -3/104 HPs)
             Began as a Troll Fighter on Mar 17, 2024.
             Was a Believer of Okawaru.
             Slain by a yak (5 damage)
             ... on level 7 of the Dungeon.
             The game lasted 00:19:34 (6448 turns).

Doomgape the Grappler (Troll Fighter)               Turns: 6448, Time: 00:19:35

Health: -3/104     AC:  4    Str: 30    XL:     10   Next: 41%
Magic:  9/9        EV: 12    Int:  4    God:    Okawaru [**....]
Gold:   352        SH:  9    Dex: 15    Spells: 9/9 levels left

rFire   . .          .
                       - Unarmed
rCold   . . .        b - +0 kite shield
rNeg    . . .        a - +0 robe
rPois   .            (helmet restricted)
rElec   .            (no cloak)
rCorr   .            (gloves unavailable)
SInv    .            (boots unavailable)
Will    .....        (no amulet)
Stlth   +            l - +6 ring of dexterity
HPRegen 1.17/turn    (no ring)
MPRegen 0.11/turn

%: no passive effects
@: no status effects
A: large, unfitting armour, claws 3, regeneration 1, shaggy fur 1, tough skin 1
a: Renounce Religion, Heroism


You were on level 7 of the Dungeon.
You worshipped Okawaru.
Okawaru was pleased with you.
You visited 2 branches of the dungeon, and saw 9 of its levels.

You collected 352 gold pieces.

Inventory:

Missiles
 j - 2 throwing nets (quivered)
Armour
 a - a +0 robe (worn)
 b - a +0 kite shield (worn)
Jewellery
 l - a +6 ring of dexterity (left claw)
Wands
 d - a wand of polymorph (5)
 h - a wand of flame (20)
 p - a wand of charming (3)
 s - a wand of roots (10)
Scrolls
 c - a scroll of amnesia {unknown}
 i - 3 scrolls of identify
 m - 7 scrolls of teleportation
 v - a scroll of vulnerability
Potions
 e - a potion of cancellation
 f - 2 potions of attraction
 g - a potion of ambrosia
 k - a potion of berserk rage
 n - a potion of invisibility {unknown}
 o - a potion of enlightenment
 r - 2 potions of curing
 t - 2 potions of lignification
 u - a potion of degeneration {unknown}


   Skills:
 + Level 7.9 Fighting
 + Level 7.8 Dodging
 - Level 3.8 Shields
 + Level 9.1 Unarmed Combat


You had 9 spell levels left.
You didn't know any spells.
Your spell library contained the following spells:

 Spells                   Type           Power      Damage    Failure   Level
 Apportation              Tloc           0%         N/A       71%         1
 Magic Dart               Conj           0%         1d3       71%         1
 Necrotise                Necr           0%         1d4       71%         1
 Sting                    Conj/Alch      0%         1d3       71%         1
 Cigotuvi's Dreadful Rot  Necr/Alch/Air  0%         N/A       85%         2
 Lesser Beckoning         Tloc           0%         N/A       85%         2
 Searing Ray              Conj           0%         2d4       85%         2
 Frozen Ramparts          Ice            0%         1d1       97%         3
 Gell's Gravitas          Tloc           0%         N/A       97%         3
 Teleport Other           Tloc           0%         N/A       97%         3
 Dispel Undead            Necr           0%         3d6       100%        4
 Fulminant Prism          Conj/Alch      0%         3d5       100%        4
 Leda's Liquefaction      Alch/Erth      0%         N/A       100%        4
 Passage of Golubria      Tloc           0%         N/A       100%        4
 Petrify                  Alch/Erth      0%         N/A       100%        4
 Metabolic Englaciation   Hex/Ice        0%         N/A       100%        5
 Yara's Violent Unravell  Hex/Alch       0%         3d3       100%        5
 Borgnjor's Revivificati  Necr           0%         N/A       100%        8
 Death's Door             Necr           0%         N/A       100%        9
 Summon Small Mammal      Summ           Unusable   N/A       N/A         1
 Call Canine Familiar     Summ           Unusable   N/A       N/A         3
 Tukima's Dance           Hex            Unusable   N/A       N/A         3
 Martyr's Knell           Necr/Summ      Unusable   N/A       N/A         4
 Death Channel            Necr           Unusable   N/A       N/A         6
 Haunt                    Necr/Summ      Unusable   N/A       N/A         7
 Summon Hydra             Summ           Unusable   N/A       N/A         7

Dungeon Overview and Level Annotations

Branches:
Dungeon (8/15)             Temple (1/1) D:6
   Lair: D:8-11

Altars:
Ashenzari
Elyvilon
Fedhas
Gozag
Hepliaklqana
Makhleb
Nemelex Xobeh
Okawaru
Qazlal
Ru
Sif Muna
Trog
Wu Jian
Xom
Yredelemnul
Zin
The Shining One


Innate Abilities, Weirdness & Mutations

You are too large for most types of armour.
You have claws for hands.
Your natural rate of healing is unusually fast.
You are covered in fur. (AC +1)
You have tough skin. (AC +1)


Message History

The yak gores you! You block the yak's attack. The yak closely misses you.
You climb upwards.
There is a stone staircase leading down, spattered with blood here.
Unknown command.
The yak closely misses you. You block the yak's attack. The yak gores you.
The yak gores you. x2
* * * LOW HITPOINT WARNING * * *
Unknown command.
The yak attacks as it pursues you! The yak gores you!
* * * LOW HITPOINT WARNING * * *
The yak attacks as it pursues you! You block the yak's attack.
The yak attacks as it pursues you! The yak gores you!
* * * LOW HITPOINT WARNING * * *
Items here: )) [[.
You are too injured to fight recklessly!
You are too injured to fight recklessly!
You mangle the yak!!
The yak is severely wounded.
The yak closely misses you.
You are too injured to fight recklessly!
You mangle the yak!!
You kill the yak!
Okawaru accepts your kill. You block the yak's attack.
Unknown command.
You claw the yak!
You kill the yak!
Okawaru accepts your kill. The yak gores you.
* * * LOW HITPOINT WARNING * * *
You see here a yak corpse.
You claw the yak!
The yak is moderately wounded.
The yak gores you!
* * * LOW HITPOINT WARNING * * *
Unknown command.
You scratch the yak.
The yak is moderately wounded.
The yak gores you.
You die...

#..............#
#..............#
#..............# ###
#..............# ..#
#..............#### #.#
##....<.........).# #.####
##..........####)###
#....# ###.######## #....
####.###### #@†# #####
..##......######Y## ######
...###.......#).)# #####
#..... ...###...>...#[###
#...#####.####
.#..##....†....#
#...#.....# #
..#..#........##
#.....##### #
#.#..#......)..#####...###
# #.#............##......#
# #.#.....####....#.##...#
######


You could see a yak.

Vanquished Creatures
  Pikel (D:7)
  A kobold demonologist (D:7)
  Grinder (D:3)
  A wraith (D:6)
  10 yaks (D:7)
  3 steam dragons
  Menkaure (D:7)
  2 water moccasins (D:7)
  2 sky beasts
  A black bear (D:6)
  An ice beast (D:7)
  An ogre (D:6)
  A phantom (D:5)
  3 lemures (D:7)
  A kobold brigand (D:7)
  2 bullfrogs
  A gnoll sergeant (D:6)
  3 scorpions
  A wight (D:6)
  2 howler monkeys (D:7)
  4 hounds
  9 orc priests
  3 bombardier beetles
  7 jellies
  2 sleepcaps (D:5)
  An iguana (D:6)
  7 orc wizards
  Natasha (thrice) (D:3)
  Robin (D:3)
  10 adders
  2 shadow imps
  2 ufetubi (D:6)
  A dart slug (D:3)
  23 orcs
  6 bats
  17 endoplasms
  A giant cockroach (D:4)
  17 goblins
  7 hobgoblins
  3 quokkas
  11 ball pythons
  4 frilled lizards
  22 kobolds
  6 rats
208 creatures vanquished.

Notes
Turn   | Place    | Note
-------+----------+-------------------------------------------
     0 | D:1      | Doomgape the Troll Fighter began the quest for the Orb.
     0 | D:1      | Reached XP level 1. HP: 22/22 MP: 0/0
   287 | D:1      | Reached XP level 2. HP: 29/29 MP: 1/1
   414 | D:1      | Got Mudgh's Anthology of Geomancy and the Boggart
   690 | D:1      | Reached XP level 3. HP: 36/36 MP: 2/2
  1219 | D:2      | Reached XP level 4. HP: 41/44 MP: 3/3
  1312 | D:2      | Found a glowing silver altar of Zin.
  1392 | D:2      | Reached skill level 3 in Unarmed Combat
  1703 | D:3      | Noticed Robin
  1703 | D:3      | Noticed Natasha
  1719 | D:3      | Killed Natasha
  1738 | D:3      | Reached XP level 5. HP: 51/53 MP: 4/4
  1752 | D:3      | Killed Robin
  1968 | D:3      | Found a faded altar of an unknown god.
  1998 | D:3      | Noticed Natasha
  2008 | D:3      | Killed Natasha
  2008 | D:3      | Noticed Natasha
  2017 | D:3      | Killed Natasha
  2042 | D:3      | Reached XP level 6. HP: 61/61 MP: 5/5
  2198 | D:3      | Found a burning altar of Makhleb.
  2198 | D:3      | Found a broken altar of Ashenzari.
  2198 | D:3      | Found a glowing golden altar of the Shining One.
  2198 | D:3      | Found a sacrificial altar of Ru.
  2198 | D:3      | Found a blossoming altar of Fedhas.
  2198 | D:3      | Found a shimmering blue altar of Sif Muna.
  2216 | D:3      | Reached skill level 4 in Unarmed Combat
  2588 | D:3      | Noticed Grinder
  2602 | D:3      | Paralysed by Grinder for 4 turns
  2612 | D:3      | Killed Grinder
  2613 | D:3      | Reached XP level 7. HP: 45/70 MP: 6/6
  2831 | D:4      | Reached skill level 5 in Unarmed Combat
  2945 | D:4      | Identified the +6 mace "Ziabrovu" {drain, rC- Will++ Str+3}
  3058 | D:4      | Found a basalt altar of Yredelemnul.
  3195 | D:5      | Entered Level 5 of the Dungeon
  3319 | D:5      | Reached XP level 8. HP: 77/79 MP: 7/7
  3352 | D:5      | Reached skill level 5 in Fighting
  3369 | D:5      | Reached skill level 5 in Dodging
  3579 | D:5      | Found a sacrificial altar of Ru.
  4173 | D:5      | Reached skill level 6 in Unarmed Combat
  4305 | D:6      | Found an ornate altar of the Wu Jian Council.
  4495 | D:6      | Identified the +2 arbalest of Juhatis {elec, rC+ Str+3}
  4952 | D:6      | Reached XP level 9. HP: 61/87 MP: 8/8
  5005 | D:6      | Reached skill level 7 in Unarmed Combat
  5224 | D:6      | Found a staircase to the Ecumenical Temple.
  5263 | Temple   | Entered the Ecumenical Temple
  5343 | Temple   | Became a worshipper of Warmaster Okawaru
  5390 | D:6      | Found a faded altar of an unknown god.
  5390 | D:6      | Found a bloodstained altar of Trog.
  5397 | D:6      | Found a faded altar of an unknown god.
  5399 | D:6      | Found a hazy altar of Hepliaklqana.
  5401 | D:6      | Found a glowing silver altar of Zin.
  5556 | D:7      | Noticed Menkaure
  5564 | D:7      | Killed Menkaure
  5791 | D:7      | Noticed Pikel
  5816 | D:7      | Killed Pikel
  5817 | D:7      | Reached skill level 8 in Unarmed Combat
  5857 | D:7      | Reached * piety under Okawaru
  6033 | D:7      | Noticed a kobold demonologist
  6044 | D:7      | Reached XP level 10. HP: 9/102 MP: 9/9
  6069 | D:7      | Noticed a sun demon
  6369 | D:7      | Reached skill level 9 in Unarmed Combat
  6373 | D:7      | Reached ** piety under Okawaru
  6447 | D:7      | HP: 1/104 [yak (16)]
  6448 | D:7      | Slain by a yak

Illustrated notes

Levels and vault maps discovered:
D:1:      amcnicky_arrival_abandoned_market, layout_basic, minmay_quantized
D:2:      layout_loops_ring, basic_altar
D:3:      cheibrodos_fertilizer, layout_basic, basic_ecumenical_altar,
          uniq_robin, uniq_natasha, uniq_grinder
D:4:      layout_cave_pools, mainiacjoe_overflow_brackets
D:5:      layout_layer_cave, overflow_temple_1_default, hellmonk_no_cap
D:6:      minmay_chambers_of_fours, layout_loops_corners,
          chequers_temple_overflow_minitemple,
          mainiacjoe_overflow_cross_hatched, minmay_temple_entry_purple_smoke,
          kennysheep_generic_room_4
D:7:      layout_rooms, uniq_menkaure, uniq_pikel
D:8:      layout_cave_pods, palyth_temple_overflow_mages, slow_altar_1,
          serial_park_tiny_pond
Temple:   hellmonk_temple_rainy

Skill      XL: |  1  2  3  4  5  6  7  8  9 10 |
---------------+-------------------------------+-----
Shields        | 3 |  3.8
Fighting       | 3 4 6 7 |  7.9
Dodging        | 3 4 5 7 |  7.8
Unarmed Combat | 3 4 5 6 8 9 |  9.1

Action                     |  1- 3 |  4- 6 |  7- 9 | 10-12 || total
---------------------------+-------+-------+-------+-------++-------
  Melee: Unarmed           |    77 |   184 |   318 |    69 ||   648
 Invoke: Heroism           |       |       |       |     1 ||     1
    Use: Scroll            |     1 |     1 |    11 |       ||    13
         Potion            |       |     1 |     1 |     4 ||     6
   Stab: Sleeping          |       |       |     1 |       ||     1
 Armour: Robe              |    41 |    87 |   168 |    50 ||   346
         Skin              |       |       |    13 |       ||    13
  Dodge: Dodged            |    23 |    67 |   100 |    42 ||   232
  Block: Kite shield       |    28 |    90 |   114 |    31 ||   263
